 Dungeon Crawl Stone Soup version 0.28.0-53-g5a82cb258f (webtiles) character file.

Game seed: 5397484322020992944

410 nickcage the Slasher (level 7, -9/50 HPs)
             Began as a Formicid Gladiator on June 27, 2022.
             Mangled by a gnoll
             ... wielding a +0 halberd of protection
              (10 damage)
             ... on level 5 of the Dungeon.
             The game lasted 00:09:14 (5490 turns).

nickcage the Slasher (Formicid Gladiator)           Turns: 5490, Time: 00:09:14

Health: -9/50      AC:  5    Str: 20    XL:     7   Next: 13%
Magic:  7/7        EV: 11    Int: 14    God:
Gold:   164        SH:  0    Dex: 12    Spells: 6/6 levels left

rFire   . . .      SeeInvis +   a - +1 long sword
rCold   . . .      Faith    .   (no shield)
rNeg    . . .      Spirit   .   i - +0 ring mail
rPois   .          Reflect  .   (helmet unavailable)
rElec   .          Harm     .   (no cloak)
rCorr   .          Rampage  .   (no gloves)
Will    .....                   (no boots)
Stlth   +.........              (no amulet)
HPRegen 0.16/turn               n - +6 ring of intelligence
MPRegen 0.10/turn               (no ring)

@: no status effects
A: permanent stasis, dig shafts and tunnels, antennae 3, four strong arms
a: Dig, Shaft Self


You were on level 5 of the Dungeon.
You visited 1 branch of the dungeon, and saw 5 of its levels.

You collected 164 gold pieces.

Inventory:

Hand Weapons
 a - a +1 long sword (weapon)
 l - a +1 dagger of speed
Missiles
 c - 3 throwing nets
 s - 2 poisoned darts (quivered)
Armour
 b - a +0 leather armour
 i - a +0 ring mail (worn)
Jewellery
 n - a +6 ring of intelligence (left hand)
 o - a +6 ring of dexterity
Wands
 j - a wand of paralysis (9)
 u - a wand of mindburst (17)
Scrolls
 e - 5 scrolls of identify
 h - a scroll of vulnerability
 v - a scroll of silence
Potions
 d - a potion of heal wounds {unknown}
 f - 3 potions of invisibility
 k - a potion of curing {unknown}
 m - a potion of brilliance {unknown}
 p - a potion of flight {unknown}
 q - a potion of lignification {unknown}


   Skills:
 - Level 2.1 Fighting
 + Level 7.5 Long Blades
 - Level 2.0 Throwing
 - Level 2.6 Dodging


You had 6 spell levels left.
You didn't know any spells.
Your spell library was empty.

Dungeon Overview and Level Annotations

Branches:
Dungeon (5/15)
 Temple: D:4-7

Altars:


Innate Abilities, Weirdness & Mutations

You cannot be hasted, slowed, berserked, paralysed or teleported.
You can dig through walls and to a lower floor.
You have a pair of large antennae on your head. (SInv)
Your four strong arms can wield two-handed weapons with a shield.


Message History

The gnoll is poisoned.
You see here a throwing net.
The gnoll looks more healthy.
The gnoll hits you with a +0 whip.
You slash the gnoll!
The gnoll is almost dead.
You kill the gnoll!
You hit the gnoll.
The gnoll is moderately wounded.
The gnoll hits you with a +0 club.
You hit the gnoll.
The gnoll is heavily wounded.
The gnoll hits you from afar with a +0 halberd of protection.
The gnoll hits you with a +0 club.
You slash the gnoll!
You kill the gnoll!
The gnoll closely misses you. The gnoll barely misses you.
The gnoll closely misses you.
Things that are here:
a +0 club; a +0 whip; a gnoll corpse You barely miss the gnoll.
The gnoll closely misses you.
The gnoll hits you from afar with a +0 halberd!
The gnoll hits you with a +0 halberd of protection!
You closely miss the gnoll.
You kill the gnoll!
The gnoll hits you with a +0 halberd of protection!
* * * LOW HITPOINT WARNING * * *
You slash the gnoll!
The gnoll is heavily wounded.
The gnoll closely misses you.
You hit the gnoll but do no damage.
The gnoll is heavily wounded.
The gnoll barely misses you.
You hit the gnoll but do no damage.
The gnoll is heavily wounded.
The gnoll hits you with a +0 halberd of protection!
* * * LOW HITPOINT WARNING * * *
You hit the gnoll.
The gnoll is almost dead.
The gnoll hits you with a +0 halberd of protection!
You die...

.# ... #...
.....
.....$#######
....()g@.(..# #
...(..#####.# #
..... #.#######
# ....
#.......#.####
#..
#######.#.....
#. ###.#..... #
######........>
.........###.##
...........#.##


You could see a gnoll.

Vanquished Creatures
  A centaur (D:5)
  A howler monkey (D:4)
  A jelly (D:4)
  An orc priest (D:4)
  An orc wizard (D:4)
  6 gnolls
  3 adders
  An ufetubus (D:4)
  3 worms
  A dart slug (D:3)
  16 orcs
  4 bats
  2 endoplasms
  6 hobgoblins
  2 jackals (D:4)
  10 kobolds
  4 quokkas
  11 ball pythons
  3 frilled lizards
  9 goblins
  5 rats
91 creatures vanquished.

Vanquished Creatures (others)
  15 plants (D:3)
15 creatures vanquished.

Grand Total: 106 creatures vanquished

Notes
Turn   | Place    | Note
-------+----------+-------------------------------------------
     0 | D:1      | nickcage the Formicid Gladiator began the quest for the
                  | Orb.
     0 | D:1      | Reached XP level 1. HP: 16/16 MP: 1/1
   261 | D:1      | Reached XP level 2. HP: 19/22 MP: 2/2
   939 | D:1      | Reached skill level 4 in Long Blades
   939 | D:1      | Reached XP level 3. HP: 24/27 MP: 3/3
  1388 | D:2      | Found a faded altar of an unknown god.
  1834 | D:2      | Reached XP level 4. HP: 22/33 MP: 4/4
  2645 | D:3      | Reached skill level 5 in Long Blades
  3264 | D:3      | Reached XP level 5. HP: 36/38 MP: 5/5
  4012 | D:4      | Reached skill level 6 in Long Blades
  4012 | D:4      | Reached XP level 6. HP: 8/44 MP: 6/6
  5043 | D:4      | Reached skill level 7 in Long Blades
  5344 | D:5      | Entered Level 5 of the Dungeon
  5420 | D:5      | Reached XP level 7. HP: 45/50 MP: 7/7
  5489 | D:5      | HP: 1/50 [gnoll/+0 halberd of protection (10)]
  5490 | D:5      | Mangled by a gnoll

Illustrated notes

Levels and vault maps discovered:
D:1:      dpeg_arrival_erosion, layout_rooms
D:2:      layout_basic, shapermc_ecumenical_altar_ellora, grunt_ministairs_4
D:3:      layout_loops_ring, serial_bayou, serial_bayou_lagoon_b,
          serial_bayou_ford_a, serial_bayou_shore_b, serial_bayou_pond_c,
          wander_ebering_terrifying_dragon_lair
D:4:      layout_loops_corners
D:5:      layout_basic, portal_sewer_entry_d

Skill      XL: |  1  2  3  4  5  6 |
---------------+-------------------+-----
Long Blades    | 4 5 6 7 |  7.5
Fighting       | |  2.1
Throwing       | |  2.0
Dodging        | |  2.6

Action                   |  1- 3 |  4- 6 |  7- 9 || total
-------------------------+-------+-------+-------++-------
Melee: Long sword        |   104 |   165 |    10 ||   279
       Punch             |     1 |       |       ||     1
Throw: Dart              |       |     4 |     4 ||     8
  Use: Scroll            |       |     6 |       ||     6
Armor: Leather armour    |    19 |       |       ||    19
       Ring mail         |    12 |    52 |       ||    64
Dodge: Dodged            |    75 |   104 |     7 ||   186
